 Dungeon Crawl Stone Soup version 0.23-a0-175-g97aacdb (webtiles) character file.

16 Amnesiac the Chiller (level 2, -1/19 HPs)
             Began as a Mummy Ice Elementalist on Sept 17, 2018.
             Slain by Edmund
             ... wielding a +4 flail of draining
              (10 damage)
             ... on level 5 of the Dungeon.
             The game lasted 00:01:56 (567 turns).

Amnesiac the Chiller (Mummy Ice Elementalist)        Turns: 567, Time: 00:01:56

Health: -1/19      AC:  3    Str: 11    XL:     2   Next: 37%
Magic:  5/5        EV: 12    Int: 14    God:
Gold:   30         SH:  0    Dex: 12    Spells: 3/6 levels left

rFire    x . .     SeeInvis .   c - +1 dagger (venom)
rCold    + . .     Gourm    .   (no shield)
rNeg     + + +     Faith    .   a - +1 robe
rPois    ∞         Spirit   .   (no helmet)
rElec    .         Reflect  .   (no cloak)
rCorr    .         Harm     .   (no gloves)
MR       .....     Rnd*Tele +   (no boots)
Stlth    ++........             (no amulet)
HPRegen  0.06/turn              d - ring of teleportation (curse)
MPRegen  0.09/turn              (no ring)

@: no status effects
A: no food or potions, fire vulnerability, cold resistance 1, negative energy
resistance 3, torment resistance, unbreathing
a: no special abilities


You were on level 5 of the Dungeon.
You were not hungry.

You visited 1 branch of the dungeon, and saw 4 of its levels.

You collected 30 gold pieces.

Inventory:

Hand Weapons
 c - a +1 dagger of venom (weapon)
Armour
 a - a +1 robe (worn)
Jewellery
 d - a cursed ring of teleportation (left hand)
Scrolls
 b - a scroll of enchant armour {!r}
 f - a scroll of enchant weapon {!r, unknown}


   Skills:
 - Level 1.5 Dodging
 - Level 1.5 Stealth
 + Level 2.9 Spellcasting
 - Level 0.7 Conjurations
 * Level 3.0 Ice Magic


You had 3 spell levels left.
You knew the following spells:

 Your Spells              Type           Power        Failure   Level  Hunger
a - Freeze                Ice            ##..         6%          1    N/A
b - Throw Frost           Conj/Ice       #.....       16%         2    N/A

Your spell library contained the following spells:

 Spells                   Type           Power        Failure   Level  Hunger
 Ozocubu's Armour         Chrm/Ice       #.......     34%         3    N/A
 Throw Icicle             Conj/Ice       #.......     69%         4    N/A
 Summon Ice Beast         Ice/Summ       #.......     75%         4    N/A

Dungeon Overview and Level Annotations

Branches:
Dungeon (5/15)
 Temple: D:4-7

Altars:

Annotations:
D:2 1 runed door
D:5 Edmund


Innate Abilities, Weirdness & Mutations

You do not eat or drink.
Your flesh is vulnerable to fire.
You are immune to poison.
Your flesh is cold resistant. (rC+)
You are immune to negative energy. (rN+++)
You are immune to unholy pain and torment.
You can survive without breathing.


Message History

You see here 15 stones.
Magic restored.
You see here 15 stones.
Found a runed door.
A hobgoblin comes into view.
The helpless hobgoblin fails to defend itself.
You hit the hobgoblin.
You kill the hobgoblin!
Found a leather armour.
There is a shaft here.
You fall through a shaft for 2 floors!
The shaft crumbles and collapses.
An ogre comes into view. It is wielding a giant spiked club.
Found an escape hatch in the floor and an escape hatch in the ceiling.
Unknown command.
An adder skeleton comes into view.
The adder skeleton closely misses you.
Found a stone staircase leading up and a stone staircase leading down.
There is a dry fountain here.
A worker ant comes into view.
The worker ant twitches its antennae in your direction.
The adder skeleton bites you but does no damage.
There is a stone staircase leading down here.
The adder skeleton barely misses you.
You climb downwards.
A sky beast and a howler monkey come into view.
The howler monkey howls!
You hear a shout! x2
Found a golden potion.
There is a stone staircase leading up here.
The howler monkey hoots and howls with incredible vigour!
The sky beast flickers out of sight!
Deactivating autopickup; reactivate with Ctrl-A.
You hear a shout! x5; You hear a bark!
You hear a shout! x3
You hear an angry hiss.
Found a coppery potion.
Found a leather armour.
A sky beast appears from thin air!
Reactivating autopickup.
A scorpion comes into view.
The howler monkey hoots and howls with incredible vigour!
A leopard gecko comes into view.
The leopard gecko hisses angrily.
You hear a howl!
You hear an angry hiss.
You hear a shout! x3; You hear a bark!
An orc comes into view. It is wielding a falchion.
The sky beast hits you. The sky beast shocks you.
The scorpion stings you but does no damage.
The howler monkey barely misses you.
The howler monkey hoots and howls with incredible vigour!
You hear a bark!
You hear a shout!
You hear an angry hiss. x2
You hear a shout!
The howler monkey misses you.
An orc wizard comes into view. It is wielding a dagger.
A crimson imp comes into view.
The howler monkey hoots and howls with incredible vigour!
The orc wizard moves out of view.
You hear a bark! x2
Edmund the Younger comes into view.
He is wielding a flail of draining.
Found a green potion.
Edmund shouts!
The crimson imp hits you.
* * * LOW HITPOINT WARNING * * *
Edmund hits you with a flail of draining!
Ouch! That really hurt!
You die...

o. .. #. #.### # #.##
...# ##### #.
#..#######.####....#
###.###....##......#....#
.......!.....≈..!.......#
....[.##.#####..##......#
.........###.......<.###
###.###o.s##...5@.......#
#. ###.##.Y.h@....##...#
. #..#............... #.
##.o............. . .
......o............... ##
...#####.............. .
#..............
#............
#...........


You could see Edmund, a sky beast, a howler monkey, an orc wizard, a crimson imp
and an orc.

Vanquished Creatures
  2 leopard geckos (D:1)
  A ball python (D:1)
  2 bats (D:1)
  A goblin (D:1)
  A hobgoblin (D:2)
  A frilled lizard (D:1)
  A kobold (D:1)
  6 rats
15 creatures vanquished.

Notes
Turn   | Place    | Note
-------+----------+-------------------------------------------
     0 | D:1      | Amnesiac the Mummy Ice Elementalist began the quest for the
                  | Orb.
     0 | D:1      | Reached XP level 1. HP: 13/13 MP: 4/4
   236 | D:1      | Reached XP level 2. HP: 16/19 MP: 3/5
   240 | D:1      | Learned a level 2 spell: Throw Frost
   321 | D:1      | Reached skill level 3 in Ice Magic
   491 | D:2      | Found a runed door.
   527 | D:2      | You fall through a shaft for 2 floors!
   527 | D:4      | Noticed an ogre
   541 | D:5      | Entered Level 5 of the Dungeon
   541 | D:5      | Noticed a howler monkey
   541 | D:5      | Noticed a sky beast
   552 | D:5      | Noticed a scorpion
   562 | D:5      | Noticed a crimson imp
   564 | D:5      | Noticed Edmund
   567 | D:5      | Slain by Edmund

Vault maps used:
D:1:      elethiomel_arrival_shortcut
D:2:      uniq_jessica, uniq_crazy_yiuf_cottage
D:4:      kennysheep_mini, old_standard_altar, kennysheep_mini_moat,
          nicolae_overflow_crystal_walls, temple_pool_b, first_ration,
          serial_shops, shop, grunt_decor_one_mirror, minmay_quantized
D:5:      old_standard_altar, basic_altar, uniq_edmund

Skill      XL: |  1  2 |
---------------+-------+-----
Ice Magic      | 3 |  3.0
Dodging        | |  1.5
Stealth        | |  1.5
Spellcasting   | |  2.9
Conjurations   | |  0.7

Action                   || total
-------------------------++-------
Melee: Dagger            ||    14
 Cast: Freeze            ||    14
  Use: Scroll            ||     2
 Stab: Sleeping          ||     2
Armor: Robe              ||     8
Dodge: Dodged            ||    21

Table legend:
 A = Non-vault XP
 B = Vault XP
 C = Vault XP percentage of total XP
 D = Non-vault monster count
 E = Vault monster count
 F = Vault count percentage of total count
                 A         B        C        D         E       F
            +---------+---------+-------+---------+---------+-------
      Total |      23 |       0 |   0.0 |      15 |       0 |   0.0
            +---------+---------+-------+---------+---------+-------
        D:1 |      19 |       0 |   0.0 |      12 |       0 |   0.0
        D:2 |       4 |       0 |   0.0 |       3 |       0 |   0.0
            +---------+---------+-------+---------+---------+-------
